Map: World of Sleepers LE

Players

Solitude

  • Race: Terran Terran
  • League: Master
  • Spawn Location: 7:00

Mez - Winner!

  • Race: Terran Terran
  • League: Master
  • Spawn Location: 1:00

VOD

Have the link to the VOD?

Description

Time

  • Played on: Aug. 23, 2019, 9:07 a.m.
  • Length: 7:09
Show
View Real Time Build Order
Export as new Build Order

Solitude Terran 

Build Orders:  

Get SALT Encoding   

  12  0:00  SCV  
  13  0:13  SCV  
  14  0:17  Supply Depot  
  14  0:25  SCV  
  15  0:30  Refinery  
  15  0:38  SCV  
  16  0:44  Barracks  
  16  0:50  SCV  
  16  0:54  Refinery  
  17  1:02  SCV  
  18  1:15  SCV  
  19  1:31  Orbital Command, Reaper  
  20  1:35  Factory  
  20  1:48  Supply Depot  
  20  1:57  SCV  
  21  2:03  Reaper  
  22  2:09  SCV  
  23  2:21  SCV  
  24  2:27  Hellion  
  26  2:31  Command Center  
  26  2:37  Reaper  
  26  2:38  SCV  
  26  2:42  Supply Depot  
  28  2:50  SCV  
  29  2:52  Hellion  
  29  2:55  Supply Depot  
  31  3:00  Starport  
  31  3:13  Barracks Reactor  
  31  3:16  Factory Tech Lab  
  31  3:17  SCV  
  32  3:30  SCV  
  33  3:37  Cyclone, Starport Tech Lab  
  35  3:42  SCV  
  35  3:43  Orbital Command  
  35  3:46  Refinery  
  36  3:54  SCV  
  37  4:00  Marine  
  37  4:01  Marine, Raven  
  39  4:06  SCV  
  39  4:09  Supply Depot  
  40  4:17  SCV  
  41  4:18  Marine x2, SCV  
  41  4:20  Siege Tank  
  47  4:29  SCV  
  47  4:30  SCV  
  48  4:36  Marine x2  
  50  4:41  SCV, Supply Depot  
  51  4:47  Raven  
  51  4:48  SCV  
  54  4:53  SCV  
  54  4:54  Marine x2  
  54  4:55  Siege Tank  
  60  5:00  SCV  
  60  5:05  SCV  
  62  5:12  SCV  
  63  5:15  Command Center  
  63  5:17  SCV  
  64  5:24  SCV  
  64  5:28  Supply Depot, Refinery  
  65  5:29  Siege Tank, SCV  
  69  5:40  Viking x2  
  73  5:44  Marine, Barracks  
  73  5:48  SCV  
  75  5:50  SCV  
  76  6:02  Marine  
  76  6:04  SCV  
  78  6:07  Siege Tank  
  78  6:10  Viking x2  
  85  6:19  Marine  
  77  6:37  Marine  
Show
View Real Time Build Order
Export as new Build Order

Mez Terran - Winner!

Build Orders: Cyclone Opening, Gas First Reaper Expand 

Get SALT Encoding   

  12  0:01  SCV  
  13  0:13  SCV  
  14  0:19  Supply Depot  
  14  0:25  SCV  
  14  0:28  Refinery  
  15  0:40  SCV  
  16  0:45  Barracks  
  16  0:53  SCV  
  17  1:05  SCV  
  18  1:17  SCV  
  19  1:33  Orbital Command, Reaper  
  20  1:42  Command Center  
  20  1:53  Factory  
  20  1:59  SCV  
  21  2:04  Supply Depot  
  21  2:09  Barracks Reactor  
  21  2:12  SCV  
  22  2:16  Refinery  
  22  2:25  SCV  
  23  2:37  SCV  
  23  2:38  Factory Tech Lab  
  24  2:47  Marine x2  
  24  2:49  SCV  
  27  2:55  Orbital Command  
  27  2:57  Cyclone  
  30  3:01  SCV  
  31  3:05  Starport  
  31  3:07  Marine  
  31  3:08  Marine  
  33  3:14  SCV  
  34  3:23  SCV  
  34  3:26  SCV, Refinery  
  36  3:28  Marine x2  
  37  3:39  SCV x2  
  39  3:41  Siege Tank  
  39  3:43  Starport Tech Lab  
  39  3:46  Marine  
  43  3:50  Supply Depot  
  43  3:52  SCV x2  
  45  4:02  Marine  
  46  4:11  Marine, Raven  
  46  4:12  SCV, Supply Depot  
  46  4:14  SCV  
  51  4:22  Marine  
  51  4:24  SCV  
  53  4:26  SCV  
  54  4:33  Marine  
  54  4:34  Siege Tank  
  54  4:35  Supply Depot x2  
  54  4:36  SCV  
  59  4:50  SCV x2  
  61  4:54  Command Center  
  61  4:55  Marine  
  61  4:56  Marine, Raven  
  65  5:00  Supply Depot  
  65  5:05  SCV x2  
  65  5:06  Siege Tank  
  70  5:12  Barracks  
  70  5:15  Barracks  
  70  5:18  Marine x2  
  70  5:20  SCV  
  73  5:21  SCV  
  74  5:32  SCV  
  74  5:34  SCV  
  74  5:35  Supply Depot, Refinery  
  76  5:41  Engineering Bay  
  76  5:42  Engineering Bay  
  76  5:50  Siege Tank  
  76  5:54  Marine  
  84  6:04  Barracks Reactor x2  
  80  6:12  SCV  
  80  6:13  SCV, Orbital Command  
  80  6:16  Supply Depot  
  82  6:19  Supply Depot  
  79  6:39  Marine x3  
  80  6:40  Marine x2  
  92  6:47  SCV x3  
Tags
 
Add a new tag
Caveats
  • Supply blocks, unpowered buildings, or Contaminate may cause inaccurate times.
  • Supply counts are checked every 10 seconds.